 Dungeon Crawl Stone Soup version 0.23.2 (webtiles) character file.

Game seed: 11661160495861787187

32 Gingko the Sneak (level 3, 0/24 HPs)
             Began as an Octopode Assassin on Apr 7, 2019.
             Succumbed to an adder's poison
             ... on level 2 of the Dungeon.
             The game lasted 00:05:49 (1368 turns).

Gingko the Sneak (Octopode Assassin)                Turns: 1368, Time: 00:05:50

Health: 0/24       AC:  1    Str: 13    XL:     3   Next: 25%
Magic:  3/3        EV: 13    Int: 14    God:
Gold:   130        SH:  0    Dex: 13    Spells: 2/2 levels left

rFire    + . .     SeeInvis .   a - +2 dagger
rCold    . . .     Gourm    .   (no shield)
rNeg     . . .     Faith    .   (helmet restricted)
rPois    .         Spirit   .   (no amulet)
rElec    .         Reflect  .   e - +3 ring of strength
rCorr    .         Harm     .   g - ring of protection from fire
MR       .....                  h - ring of flight (curse)
Stlth    ++++......             (no ring)
HPRegen  0.08/turn              (no ring)
MPRegen  0.08/turn              (no ring)
                                (no ring)
                                (no ring)

@: lethally poisoned (0 -> -9)
A: almost no armour, stealthy swim, amphibious, 8 rings, constrict 8, camouflage
1, gelatinous body 1
a: Evoke Flight


You were on level 2 of the Dungeon.
You were very hungry.

You visited 1 branch of the dungeon, and saw 2 of its levels.

You collected 130 gold pieces.

Inventory:

Hand Weapons
 a - a +2 dagger (weapon)
 b - a +0 blowgun
Missiles
 c - 8 poisoned needles
 d - 2 curare-tipped needles
 k - 37 stones (quivered)
 l - 9 arrows
Jewellery
 e - a +3 ring of strength (left tentacle)
 g - a ring of protection from fire (right tentacle)
 h - a cursed ring of flight (on tentacle)
Scrolls
 i - 2 scrolls of teleportation {unknown}
 j - a scroll of random uselessness {unknown}
Potions
 m - a potion of curing {unknown}
 n - a potion of mutation {unknown}
Comestibles
 f - 7 rations


   Skills:
 - Level 2.0 Fighting
 - Level 2.0 Short Blades
 - Level 2.0 Throwing
 - Level 1.0 Dodging
 + Level 6.9 Stealth


You had 2 spell levels left.
You didn't know any spells.
Your spell library was empty.

Dungeon Overview and Level Annotations

Branches:
Dungeon (2/15)

Altars:


Innate Abilities, Weirdness & Mutations

You cannot wear most types of armour.
You are very stealthy in the water. (Stealth+)
You are amphibious.
You can wear up to eight rings at the same time.
You can use your tentacles to constrict eight enemies at once.
Your skin changes colour to match your surroundings (Stealth+).
Your rubbery body absorbs attacks. (AC +1, EV +1)


Message History

* * * LOW HITPOINT WARNING * * *
You are more poisoned.
The adder poisons you!
Found a stone staircase leading down.
You hit the adder. Your grab misses the adder. Your squeeze misses the adder.
The adder is moderately wounded.
* * * LOW HITPOINT WARNING * * *
You feel sick. The adder barely misses you.
You hit the adder. You grab the adder. You squeeze the adder.
The adder is almost dead.
You constrict the adder.
You kill the adder!
You have reached level 3!
Your experience leads to an increase in your attributes!
Your base attributes are Str 10, Int 13, Dex 13.
Increase (S)trength, (I)ntelligence, or (D)exterity?
You feel clever.
* * * LOW HITPOINT WARNING * * *
You feel sick.
You die...

................
.......#.......# ..
.......+.......+.>. ...
.......#.......#.#. #.#
.......#.........#<. #.#
.......#.........#..#+##.#+##
........$........#...........
..........†......#...........
%...>.......@....#...........
.................#...........
..........#..................
..##......#..................
. #......#..................
#....................<....
#.......####..#..#'#######
#.......# #..#..#........
#.......# #..#..#.#######


There were no monsters in sight!

Vanquished Creatures
  2 adders (D:2)
  A giant cockroach (D:1)
  4 goblins (D:1)
  2 hobgoblins (D:1)
  A ball python (D:2)
  2 bats (D:1)
  2 rats (D:1)
14 creatures vanquished.

Notes
Turn   | Place    | Note
-------+----------+-------------------------------------------
     0 | D:1      | Gingko the Octopode Assassin began the quest for the Orb.
     0 | D:1      | Reached XP level 1. HP: 14/14 MP: 1/1
   323 | D:1      | Reached XP level 2. HP: 19/19 MP: 2/2
   391 | D:1      | Reached skill level 6 in Stealth
  1367 | D:2      | Reached XP level 3. HP: 2/24 MP: 3/3
  1367 | D:2      | HP: 1/24 [poisoned by an adder]
  1368 | D:2      | Succumbed to an adder's poison

Skill      XL: |  1  2 |
---------------+-------+-----
Stealth        | 6 |  6.9
Fighting       | |  2.0
Short Blades   | |  2.0
Throwing       | |  2.0
Dodging        | |  1.0

Action                   || total
-------------------------++-------
Melee: Dagger            ||    30
       Constrict         ||     6
       Tentacles         ||     3
Throw: Stone             ||     1
 Stab: Sleeping          ||     4
Armor: Skin              ||     4
Dodge: Dodged            ||    15
